 Dungeon Crawl Stone Soup version 0.21.1-1-g345015f (webtiles) character file.

342 sankara the Cutter (level 6, -1/40 HPs)
             Began as a Kobold Berserker on Apr 20, 2018.
             Was a Priest of Trog.
             Slain by a centaur (6 damage)
             ... on level 6 of the Dungeon.
             The game lasted 00:12:13 (4072 turns).

sankara the Cutter (Kobold Berserker)               Turns: 4072, Time: 00:12:13

Health: -1/40      AC:  2    Str: 16    XL:     6   Next: 88%
Magic:  6/6        EV: 18    Int:  9    God:    Trog [***...]
Gold:   127        SH:  0    Dex: 14    Spells: 5/5 levels left

rFire    . . .     SeeInvis .   c - +2 dagger (vamp) {!w}
rCold    . . .     Gourm    .   (shield restricted)
rNeg     . . .     Faith    .   t - +0 animal skin
rPois    .         Spirit   .   (no helmet)
rElec    .         Reflect  .   (no cloak)
rCorr    .         Harm     .   (no gloves)
MR       .....                  (no boots)
Stlth    +++.......             (no amulet)
HPRegen  0.13/turn              p - +3 ring of evasion
MPRegen  0.10/turn              (no ring)

@: no status effects
A: small, carnivore
a: Berserk, Trog's Hand, Burn Spellbooks, Renounce Religion


You were on level 6 of the Dungeon.
You worshipped Trog.
Trog was most pleased with you.
You were completely stuffed.

You visited 1 branch of the dungeon, and saw 5 of its levels.

You collected 127 gold pieces.

Inventory:

Hand Weapons
 a - a +2 dagger of speed
   (You found it on level 2 of the Dungeon)
 b - a +0 blowgun
   (You took it off a kobold on level 3 of the Dungeon)
 c - a +2 vampiric dagger (weapon) {!w}
   (You took it off an orc on level 3 of the Dungeon)
 r - a +3 dagger
   (You took it off a kobold on level 2 of the Dungeon)
Missiles
 f - 19 tomahawks (quivered)
 g - 59 stones
 s - 15 bolts
 u - 12 poisoned needles
Armour
 t - a +0 animal skin (worn)
Jewellery
 p - a +3 ring of evasion (left hand)
   (You found it on level 2 of the Dungeon)
Scrolls
 d - 2 scrolls of teleportation {unknown}
 h - 2 scrolls of enchant armour {unknown}
 i - a scroll of identify {unknown}
 j - 6 scrolls of remove curse {unknown}
 w - a scroll of random uselessness {unknown}
 y - a scroll of blinking {unknown}
Potions
 e - 3 potions of degeneration {unknown}
 k - 2 potions of heal wounds {unknown}
 l - a potion of flight {unknown}
 m - 2 potions of lignification {unknown}
 n - a potion of cancellation {unknown}
 o - a potion of curing {unknown}
 q - a potion of agility
Comestibles
 v - 8 rations
 x - 4 chunks of flesh {@w0}


   Skills:
 + Level 5.2 Fighting
 + Level 6.2 Short Blades
 - Level 1.8 Armour
 - Level 2.7 Dodging
 + Level 4.8 Stealth


You had 5 spell levels left.
You didn't know any spells.

Dungeon Overview and Level Annotations

Branches:
Dungeon (6/15)
 Temple: D:4-7

Altars:
Elyvilon
Fedhas
Nemelex Xobeh
Trog
Vehumet
Wu Jian

Annotations:
D:3 exclusion: Grinder, Grinder
D:5 exclusion: Sigmund, Sigmund; ZomBoFoB's ghost, novice OgGl
D:6 Eustachio


Innate Abilities, Weirdness & Mutations

You are small and have problems with some larger weapons.
You are carnivorous and can eat meat at any time.


Message History

HP restored.
You see here a book of Battle.
An orc comes into view.
The orc moves out of view.
Things that are here:
a war axe; a dagger; a robe The orc is too close now for your liking.
The orc shouts!
A leopard gecko comes into view.
The leopard gecko hisses angrily.
You hit the orc but do no damage. You hit the orc.
The orc is heavily wounded.
The orc barely misses you.
You barely miss the orc.
The orc is heavily wounded.
The orc misses you.
You hit the orc.
The orc is severely wounded.
You barely miss the orc.
The orc is severely wounded.
The orc misses you.
You hit the orc.
You kill the orc!
Trog accepts your kill.
Throwing (i - inventory. (,) - cycle):
f - 19 tomahawks (quivered)
Press: ? - help, Shift-Dir - straight line, f - leopard gecko
Aim: a leopard gecko You throw a tomahawk.
The tomahawk hits the leopard gecko but does no damage.
The leopard gecko closely misses you.
You hit the leopard gecko but do no damage.
The leopard gecko closely misses you.
You hit the leopard gecko.
The leopard gecko is lightly wounded.
You hit the leopard gecko.
You kill the leopard gecko!
Trog accepts your kill.
No target in view!
You see here a leopard gecko corpse.
You butcher the leopard gecko corpse.
x - 2 chunks of flesh {@w0}
f - 19 tomahawks (gained 1)
There isn't anything here!
Things that are here:
a leather armour; an orc corpse You butcher the orc corpse.
x - 4 chunks of flesh {@w0} (gained 2)
You see here a leather armour.
You now have 127 gold pieces (gained 6).
Found a stone staircase leading down.
A shadow imp comes into view.
Found a bloodstained altar of Trog.
An orc comes into view. It is wielding a dagger.
Marking area around Eustachio as unsafe for travelling.
Eustachio the Magnificent comes into view.
He is wielding a falchion.
The orc shouts!
You hear a shout! x3; Eustachio shouts!
An orc wizard, a centaur and a shadow imp come into view.
The orc wizard is wielding a dagger of venom.
The orc wizard shouts!
The shadow imp shouts, "Begone, thou puking flat-headed whey-face!"
You hear a shout!
The shadow imp moves out of view.
Eustachio drinks a potion.
Eustachio suddenly seems more agile.
You hear a shout!
The shadow imp gestures at you. Pain shoots through your body!
The shadow imp shouts, "Turn tail, thou odious sheep-biting pimple!"
You hit the shadow imp but do no damage.
The shadow imp hits you.
You closely miss the shadow imp. You hit the shadow imp.
The shadow imp is lightly wounded.
The shadow imp hits you.
You hit the shadow imp.
The shadow imp is severely wounded.
You hit the shadow imp but do no damage.
The shadow imp is severely wounded.
The shadow imp gestures at you. Pain shoots through your body!
Eustachio twirls his moustache.
Eustachio gestures wildly while chanting.
You hit the shadow imp but do no damage.
The shadow imp is severely wounded.
The shadow imp hits you.
* * * LOW HITPOINT WARNING * * *
You barely miss the shadow imp.
The shadow imp is severely wounded.
The shadow imp closely misses you.
You hit the shadow imp.
The shadow imp is almost dead.
You hit the shadow imp.
You kill the shadow imp!
Trog accepts your kill.
The shadow imp sputters.
The centaur wields a shortbow.
The centaur shoots an arrow.
The arrow hits you.
* * * LOW HITPOINT WARNING * * *
The centaur unwields an uncursed shortbow.
The centaur hits you.
You die...

.###. ..... ._. ... #.###
. #.#>###### ...
##.#oc@(..# #
.#...#####.@5o####.####.#
......@.....b###........#
.........#...# #.....####
......###..#.# #.###.#
#..... #...?# #.# #.#
.#o.# #..### #.###.# #..
...# #.....# ... ...##
#..####


You could see Eustachio, a centaur, an orc wizard, a shadow imp, an orc and a
bat.

Vanquished Creatures
  A bullfrog zombie (D:6)
  A hound (D:6)
  An iguana (D:6)
  An orc wizard (D:6)
  2 worker ants
  A hound zombie (D:5)
  4 adders
  3 gnolls (D:3)
  2 shadow imps (D:6)
  2 adder skeletons (D:2)
  A worm (D:2)
  2 dart slugs
  5 leopard geckos
  7 orcs
  A bat zombie (D:2)
  2 giant cockroaches
  5 goblins
  6 hobgoblins
  2 jackals (D:1)
  2 quokkas
  2 ball pythons (D:2)
  8 bats
  9 kobolds
  A leopard gecko zombie (D:2)
  A quokka skeleton (D:6)
  5 rats
77 creatures vanquished.

Notes
Turn   | Place    | Note
-------+----------+-------------------------------------------
     0 | D:1      | sankara the Kobold Berserker began the quest for the Orb.
     0 | D:1      | Reached XP level 1. HP: 14/14 MP: 1/1
    93 | D:1      | Reached XP level 2. HP: 7/19 MP: 2/2
   593 | D:1      | Reached XP level 3. HP: 23/23 MP: 3/3
   633 | D:1      | Reached skill level 1 in Stealth
  1009 | D:2      | Reached ** piety under Trog
  1216 | D:2      | Found a blossoming altar of Fedhas.
  1273 | D:2      | Found a white marble altar of Elyvilon.
  1436 | D:2      | Reached XP level 4. HP: 19/29 MP: 4/4
  1460 | D:2      | HP: 7/29 [poisoned by an adder]
  1468 | D:2      | HP: 6/29 [poisoned by an adder]
  1887 | D:2      | Reached skill level 2 in Stealth
  1901 | D:2      | Reached skill level 4 in Fighting
  2028 | D:2      | Found a faded altar of an unknown god.
  2228 | D:2      | Found an ornate altar of the Wu Jian Council.
  2404 | D:3      | Found a sparkling altar of Nemelex Xobeh.
  2651 | D:3      | Reached skill level 5 in Short Blades
  2713 | D:3      | Noticed Grinder
  2778 | D:3      | Reached XP level 5. HP: 28/33 MP: 5/5
  2920 | D:3      | Reached skill level 3 in Stealth
  3054 | D:3      | You fall through a shaft for 3 floors!
  3159 | D:6      | Reached XP level 6. HP: 21/39 MP: 6/6
  3315 | D:6      | Found a radiant altar of Vehumet.
  3350 | D:5      | Entered Level 5 of the Dungeon
  3406 | D:5      | Noticed Sigmund
  3433 | D:5      | Reached skill level 4 in Stealth
  3441 | D:5      | Noticed ZomBoFoB's ghost (novice OgGl)
  3678 | D:6      | Reached *** piety under Trog
  3678 | D:6      | Reached skill level 6 in Short Blades
  3693 | D:6      | Reached skill level 5 in Fighting
  4046 | D:6      | Found a bloodstained altar of Trog.
  4051 | D:6      | Noticed Eustachio
  4068 | D:6      | HP: 10/40 [shadow imp (5)]
  4072 | D:6      | Slain by a centaur

Skill      XL: |  1  2  3  4  5  6 |
---------------+-------------------+-----
Stealth        | 1 2 3 4 |  4.8
Fighting       | 4 5 |  5.2
Short Blades   | 5 6 |  6.2
Armour         | |  1.8
Dodging        | |  2.7

Action                   |  1- 3 |  4- 6 || total
-------------------------+-------+-------++-------
Melee: Short sword       |    76 |       ||    76
       Dagger            |    21 |   245 ||   266
Throw: Tomahawk          |     4 |    12 ||    16
 Stab: Sleeping          |     2 |     7 ||     9
       Distracted        |       |     1 ||     1
  Eat: Chunk             |    10 |    13 ||    23
Armor: Animal skin       |    13 |     9 ||    22
Dodge: Dodged            |    60 |   135 ||   195

Vault maps used:
D:1:      dpeg_arrival_leaves_temple_mockup, minmay_misc_feat_doors
D:2:      lemuel_doored_altar, fedhas_altar_1, lemuel_coloured_pillars_altar,
          serial_undead, serial_undead_f, serial_undead_f, serial_undead_b,
          serial_undead_a, serial_undead_a, chequers_ecumenical_altar_twisty,
          minmay_misc_feat_more_columns
D:3:      first_ration, nemelex_lonely_heart_becter, uniq_grinder, uniq_natasha
D:5:      gammafunk_temple_overflow_claw, uniq_menkaure, uniq_sigmund
D:6:      basic_altar, nrook_mini_backslash, trog_wizard, uniq_eustachio,
          uniq_pikel

Table legend:
 A = Turns spent in this place as a percentage of turns spent in the entire game.
 B = Non-inter-level travel turns spent in this place as a percentage of non-inter-level travel turns spent in the entire game.
 C = Inter-level travel turns spent in this place as a percentage of turns spent in this place.
 D = Turns resting spent in this place as a percentage of non-inter-level travel turns spent in this place.
 E = Turns spent auto-exploring this place as a percentage of non-inter-level travel turns spent in this place.
 F = Non-inter-level travel turns spent in this place divided by the number of levels of this place that you've seen.
                   A       B       C       D       E      F
               +-------+-------+-------+-------+-------+----------------------
         Total | 100.0 | 100.0 |   1.3 |  33.8 |  43.7 | 804.0
       Dungeon | 100.0 | 100.0 |   1.3 |  33.8 |  43.7 | 804.0
               +-------+-------+-------+-------+-------+----------------------

Table legend:
 A = Kills in this place as a percentage of kills in entire the game.
 B = Kills by you in this place as a percentage of kills by you in the entire game.
 C = Kills by friends in this place as a percentage of kills by friends in the entire game.
 D = Other kills in this place as a percentage of other kills in the entire game.
 E = Experience gained in this place as a percentage of experience gained in the entire game.
 F = Experience gained in this place divided by the number of levels of this place that you have seen.
                   A       B       C       D       E      F
               +-------+-------+-------+-------+-------+----------------------
         Total | 100.0 | 100.0 |   N/A |   N/A | 100.0 |  97.8
       Dungeon | 100.0 | 100.0 |   N/A |   N/A | 100.0 |  97.8
               +-------+-------+-------+-------+-------+----------------------
